Map: Old Sun Temple LE

Players

MaxPax

  • Race: Protoss Protoss
  • League: Grandmaster

liquidclem (Clem) - Winner!

  • Race: Terran Terran
  • League: Master

VOD

Have the link to the VOD?

Description

Maxpax vs Clem Blink opener

Time

  • Played on: Oct. 26, 2026, 8:54 a.m.
  • Length: 35:48
Show
View Real Time Build Order
Export as new Build Order

MaxPax Protoss 

Build Orders: 1 Gate Expand, Phoenix Opening, Blink Stalkers 

Get SALT Encoding   

  12  0:00  Probe  
  13  0:12  Probe  
  14  0:16  Pylon  
  14  0:24  Probe (Chrono Boost)  
  16  0:35  Gateway  
  16  0:36  Probe (Chrono Boost)  
  16  0:42  Probe (Chrono Boost)  
  16  0:45  Assimilator  
  17  0:50  Probe  
  18  1:03  Probe  
  19  1:15  Probe  
  20  1:22  Nexus  
  20  1:31  Cybernetics Core  
  20  1:34  Probe  
  20  1:39  Assimilator  
  21  1:46  Probe  
  22  1:50  Pylon  
  22  1:58  Probe  
  23  2:06  Stalker (Chrono Boost)  
  23  2:07  Warp Gate  
  23  2:10  Probe  
  26  2:23  Probe (Chrono Boost)  
  26  2:25  Phoenix  
  26  2:26  Sentry  
  29  2:33  Probe (Chrono Boost)  
  31  2:40  Twilight Council  
  31  2:41  Probe (Chrono Boost)  
  31  2:43  Probe (Chrono Boost)  
  32  2:45  Gateway  
  32  2:47  Probe (Chrono Boost)  
  32  2:48  Probe (Chrono Boost)  
  34  2:54  Stalker  
  36  2:59  Probe  
  36  3:00  Probe  
  38  3:10  Gateway  
  38  3:11  Probe  
  38  3:12  Probe  
  40  3:13  Blink (Chrono Boost)  
  40  3:23  Probe  
  40  3:24  Pylon  
  40  3:25  Probe  
  42  3:35  Probe  
  42  3:37  Probe  
  44  3:51  Probe  
  44  3:53  Nexus  
  44  3:55  Probe  
  46  3:56  Pylon  
  46  4:00  Pylon  
  46  4:03  Probe  
  46  4:08  Probe  
  46  4:09  Stalker x2  
  52  4:12  Stalker  
  52  4:16  Assimilator  
  54  4:17  Probe  
  54  4:20  Probe  
  56  4:24  Robotics Facility  
  56  4:29  Probe  
  57  4:31  Pylon  
  57  4:32  Probe  
  58  4:41  Probe  
  58  4:44  Probe  
  58  4:54  Probe  
  58  4:56  Probe (Chrono Boost)  
  60  5:05  Stalker x3  
  60  5:06  Probe x2 (Chrono Boost)  
  68  5:09  Probe (Chrono Boost)  
  68  5:13  Observer  
  70  5:15  Probe x2 (Chrono Boost)  
  70  5:16  Probe (Chrono Boost), Charge  
  73  5:21  Probe (Chrono Boost)  
  73  5:24  Probe (Chrono Boost), Forge  
  73  5:28  Probe (Chrono Boost)  
  78  5:38  Gateway  
  78  5:40  Gateway  
  78  5:42  Gateway  
  76  5:45  Gateway  
  76  5:47  Robotics Bay  
  76  5:49  Pylon  
  76  5:51  Gateway  
  76  5:54  Immortal (Chrono Boost)  
  76  5:56  Protoss Ground Weapons Level 1 (Chrono Boost)  
  80  6:00  Probe  
  80  6:01  Probe x2  
  83  6:06  Assimilator  
  83  6:07  Photon Cannon  
  83  6:11  Zealot  
  83  6:12  Shield Battery  
  83  6:15  Zealot  
  87  6:21  Zealot  
  87  6:24  Pylon  
  89  6:37  Probe  
  89  6:38  Probe  
  89  6:39  Probe  
  84  6:42  Stalker x4  
  84  6:43  Colossus (Chrono Boost)  
  98  6:50  Probe x2  
  98  6:51  Pylon, Probe  
  101  7:01  Extended Thermal Lance  
  101  7:02  Probe, Zealot x2  
  101  7:03  Shield Battery  
  101  7:04  Pylon  
  101  7:08  Probe x2  
  105  7:24  Stalker x2, Zealot x4  
  105  7:29  Colossus (Chrono Boost)  
  115  7:45  Zealot x5  
  124  7:54  Protoss Ground Weapons Level 2 (Chrono Boost)  
  118  8:00  Probe x2  
  108  8:06  Zealot x4  
  108  8:09  Nexus, Zealot x2  
  108  8:10  Sentry  
  122  8:17  Stalker  
  124  8:23  Pylon  
  124  8:24  Pylon  
  120  8:37  Zealot x2  
  120  8:40  Colossus (Chrono Boost)  
  120  8:48  Zealot x6  
  116  8:49  Probe  
  107  9:00  Probe x2  
  107  9:02  Probe  
  96  9:10  Dark Shrine  
  96  9:11  Sentry, Stalker x5  
  96  9:12  Probe  
  96  9:13  Probe  
  96  9:14  Probe  
  111  9:21  Probe  
  111  9:24  Probe  
  111  9:25  Probe  
  111  9:26  Probe  
  111  9:28  Colossus (Chrono Boost)  
  111  9:30  Zealot x2  
  122  9:34  Probe  
  119  9:46  Zealot x6  
  119  9:48  Pylon  
  131  9:59  Stalker x2  
  135  10:02  Forge  
  135  10:05  Gateway  
  133  10:07  Gateway  
  133  10:08  Colossus (Chrono Boost)  
  133  10:09  Zealot x4  
  139  10:17  Zealot x2  
  139  10:19  Nexus  
  141  10:35  Stalker x6  
  143  10:41  Stalker  
  141  10:45  Protoss Ground Armor Level 1 (Chrono Boost)  
  141  10:49  Pylon  
  139  10:51  Assimilator  
  139  10:56  Zealot  
  140  10:58  Zealot x7  
  140  11:00  Warp Prism (Chrono Boost)  
  154  11:07  Assimilator  
  154  11:10  Zealot  
  150  11:11  Zealot  
  150  11:13  Probe  
  151  11:20  Dark Templar  
  151  11:25  Zealot x4, Dark Templar  
  161  11:29  Zealot x2  
  161  11:32  Disruptor (Chrono Boost)  
  163  11:56  Pylon  
  163  11:58  Pylon  
  163  12:01  Disruptor (Chrono Boost)  
  161  12:04  Protoss Ground Weapons Level 3 (Chrono Boost)  
  161  12:05  Pylon x2  
  162  12:10  Probe x2  
  162  12:11  Robotics Facility  
  162  12:14  Nexus  
  164  12:15  Assimilator  
  164  12:19  Zealot x6  
  164  12:20  Zealot x2  
  180  12:24  Probe  
  180  12:29  Probe x2, Disruptor (Chrono Boost)  
  187  12:34  Protoss Ground Armor Level 2 (Chrono Boost)  
  187  12:44  Stalker x3  
  189  12:45  Stalker  
  195  12:53  Nexus  
  195  12:55  Pylon  
  195  13:00  Disruptor (Chrono Boost)  
  195  13:04  Zealot  
  195  13:08  Observer  
  195  13:10  Pylon  
  194  13:28  Dark Templar, Zealot x2  
  180  13:48  Stalker, Zealot x5  
  180  13:49  Zealot  
  172  13:56  Disruptor (Chrono Boost)  
  172  13:58  Disruptor (Chrono Boost)  
  158  14:03  Stalker x3  
  158  14:06  Probe  
  165  14:11  Stalker x5, Zealot x2  
  165  14:12  Gateway  
  165  14:13  Probe  
  165  14:16  Gateway  
  180  14:19  Gateway  
  180  14:22  Gateway  
  180  14:27  Disruptor x2  
  180  14:29  Zealot x3  
  194  14:34  Zealot x4  
  195  14:48  Zealot x3  
  169  15:01  Stalker  
  169  15:02  Stalker x6, Protoss Ground Armor Level 3 (Chrono Boost), Disruptor x2  
  169  15:03  Probe x2  
  169  15:04  Probe  
  194  15:09  Shadow Stride  
  184  15:27  Zealot x8  
  200  15:32  Stalker  
  184  15:44  Probe x2  
  186  15:54  Protoss Shields Level 1 (Chrono Boost)  
  186  15:55  Stalker x7  
  200  16:12  Nexus  
  162  16:23  Zealot x9  
  162  16:24  Zealot  
  158  16:32  Dark Templar x3  
  146  16:35  Disruptor (Chrono Boost)  
  134  16:45  Archon  
  134  16:46  Disruptor (Chrono Boost)  
  128  16:49  Dark Templar  
  128  16:50  Zealot x5  
  128  16:52  Sentry  
  134  16:56  Stalker x3  
  138  17:03  Zealot  
  138  17:05  Zealot  
  138  17:08  Disruptor (Chrono Boost)  
  138  17:09  Zealot x2  
  138  17:10  Zealot x2  
  146  17:23  Disruptor (Chrono Boost)  
  139  17:34  Colossus (Chrono Boost)  
  135  17:41  Sentry, Zealot x5  
  135  17:42  Zealot x4  
  155  17:46  Zealot  
  155  17:47  Probe  
  155  17:48  Probe  
  159  17:51  Zealot  
  159  17:52  Probe  
  168  18:07  Colossus (Chrono Boost), Probe  
  168  18:09  Templar Archives  
  169  18:16  Colossus (Chrono Boost)  
  167  18:33  Sentry, Stalker  
  167  18:34  Stalker x3  
  175  18:36  Probe x2  
  176  18:50  Zealot x6  
  176  18:54  Colossus (Chrono Boost)  
  168  19:03  Pylon  
  168  19:04  Sentry  
  168  19:05  High Templar  
  168  19:06  High Templar x3  
  176  19:10  Stalker x3, Archon  
  176  19:11  Archon  
  174  19:23  Zealot x6  
  186  19:27  Assimilator  
  168  19:43  Stalker x4  
  168  19:44  Stalker x3  
  178  19:58  Zealot x6  
  187  20:07  Zealot x4  
  143  20:32  Zealot x9  
  143  20:33  Zealot  
  143  20:34  High Templar  
  143  20:35  High Templar  
  167  20:36  Observer (Chrono Boost)  
  167  20:38  Archon  
  168  20:51  Disruptor (Chrono Boost)  
  168  20:53  Zealot x6  
  140  21:14  Zealot x8  
  126  21:31  Colossus (Chrono Boost)  
  132  21:34  Probe  
  132  21:35  Probe x2  
  132  21:36  Probe  
  132  21:39  Zealot  
  138  21:42  Probe, High Templar x2, Zealot x3  
  138  21:46  Archon  
  149  21:55  Stalker x2  
  149  21:56  Stalker  
  149  21:58  Probe  
  149  21:59  Assimilator  
  156  22:14  Stalker x2  
  160  22:15  Nexus  
  160  22:16  Stalker  
  160  22:17  Pylon  
  162  22:24  Zealot x3  
  140  22:46  Stalker x3, Zealot x6  
  140  22:47  Probe  
  140  22:50  Disruptor (Chrono Boost)  
  159  22:57  Robotics Facility  
  157  23:00  Sentry  
  157  23:04  Assimilator  
  157  23:05  Probe x5  
  164  23:12  Zealot x4  
  172  23:19  Disruptor  
  176  23:34  High Templar x2  
  176  23:39  Archon  
  176  23:40  Nexus  
  172  23:54  Disruptor (Chrono Boost)  
  170  24:02  Disruptor (Chrono Boost)  
  168  24:07  Nexus  
  168  24:09  Stalker x4, Zealot x2  
  184  24:12  Zealot  
  184  24:15  Dark Templar  
  188  24:28  Stalker x4  
  188  24:29  Observer (Chrono Boost)  
  197  24:32  Probe x2  
  197  24:52  Zealot x2  
  199  24:55  Observer  
  176  25:31  Disruptor (Chrono Boost)  
  176  25:35  Disruptor (Chrono Boost)  
  136  25:39  Zealot x6  
  136  25:40  Zealot x3, Dark Templar  
  136  25:41  Dark Templar x2  
  137  25:58  Disruptor  
  135  26:07  Zealot x9  
  151  26:14  Disruptor  
  137  26:18  Zealot x3  
  136  26:34  Disruptor  
  136  26:39  Zealot x7  
  137  26:40  Zealot x2  
  137  26:41  Zealot x3  
  137  26:45  Zealot x4  
  137  26:46  Zealot x2  
  141  26:49  Disruptor (Chrono Boost)  
  132  27:06  Probe x4  
  132  27:07  Disruptor (Chrono Boost)  
  133  27:10  Zealot x6  
  133  27:11  Zealot x2  
  151  27:17  Dark Templar  
  154  27:23  Observer (Chrono Boost)  
  154  27:24  Probe  
  154  27:25  Probe x2  
  154  27:27  Dark Templar  
  157  27:44  Sentry, Zealot x4  
  151  27:55  Assimilator  
  149  28:02  Stalker x3  
  155  28:06  Zealot x2  
  155  28:20  Colossus (Chrono Boost)  
  161  28:28  Assimilator  
  161  28:29  Assimilator  
  161  28:32  Zealot  
  161  28:33  Zealot x4  
  171  28:35  Zealot  
  173  28:43  Dark Templar  
  175  28:48  Assimilator  
  175  28:49  Assimilator  
  175  28:52  Colossus (Chrono Boost)  
  169  28:59  Pylon  
  175  29:08  Colossus (Chrono Boost)  
  181  29:14  Pylon  
  179  29:18  Zealot x4  
  187  29:36  Observer (Chrono Boost)  
  188  29:43  Colossus (Chrono Boost)  
  192  29:54  Pylon  
  192  29:55  Nexus  
  192  30:04  High Templar x4  
  200  30:08  Archon  
  200  30:13  Archon  
  180  30:36  Zealot x7  
  180  30:37  Zealot x3  
  199  30:43  Psionic Storm  
  161  31:06  High Templar x5  
  165  31:20  Assimilator  
  165  31:23  Assimilator  
  163  31:39  Zealot  
  165  31:42  Stalker x3  
  171  31:52  High Templar  
  167  32:14  Observer  
  167  32:16  High Templar x2, Zealot x3  
  167  32:21  Archon  
  177  32:26  Observer  
  174  32:38  Zealot x3  
  176  32:58  High Templar  
  176  33:00  High Templar  
  176  33:01  High Templar, Stalker x2  
  176  33:04  Archon  
  168  33:34  Sentry, Stalker x3  
  176  33:58  Observer (Chrono Boost)  
  176  33:59  Observer (Chrono Boost)  
  168  34:13  High Templar  
  168  34:15  High Templar, Observer (Chrono Boost)  
  171  34:17  Nexus  
  171  34:20  Pylon  
  165  34:24  Stalker  
  149  34:54  Observer  
  149  34:56  Stalker x2  
  149  34:57  Stalker x2  
  152  35:17  Observer  
  113  35:38  Zealot x6  
  113  35:39  Zealot  
  113  35:40  Archon x2  
Show
View Real Time Build Order
Export as new Build Order

liquidclem Terran - Winner!

Build Orders: Reaper Expand 

Get SALT Encoding   

  12  0:00  SCV  
  13  0:12  SCV  
  14  0:16  Supply Depot  
  14  0:24  SCV  
  15  0:38  SCV  
  15  0:39  Barracks  
  16  0:43  Refinery  
  16  0:50  SCV  
  17  1:02  SCV  
  18  1:14  SCV  
  19  1:24  Reaper  
  19  1:27  Orbital Command  
  20  1:38  Command Center  
  20  1:47  Supply Depot  
  20  1:52  SCV  
  21  1:58  Marine  
  22  2:04  SCV  
  22  2:06  Factory  
  23  2:13  Refinery  
  23  2:15  Bunker  
  23  2:19  SCV  
  23  2:20  Barracks Reactor  
  24  2:31  SCV  
  25  2:43  SCV  
  26  2:50  Hellion  
  26  2:51  Starport, Orbital Command  
  28  2:55  SCV  
  29  2:59  Marine x2  
  31  3:06  Supply Depot  
  31  3:08  SCV  
  34  3:13  Widow Mine  
  34  3:17  SCV  
  35  3:22  Marine x2  
  35  3:23  SCV  
  38  3:29  SCV  
  38  3:30  Medivac  
  41  3:35  Widow Mine  
  41  3:36  SCV  
  44  3:42  Supply Depot  
  44  3:43  SCV  
  45  3:49  Marine  
  45  3:50  SCV  
  45  3:53  Marine  
  45  3:55  SCV  
  46  3:56  Barracks, Widow Mine  
  46  4:00  Medivac  
  46  4:02  SCV  
  51  4:06  Supply Depot  
  51  4:07  SCV  
  51  4:09  Marine  
  53  4:14  Barracks  
  53  4:18  SCV, Widow Mine  
  53  4:19  SCV  
  57  4:24  Marine, Refinery  
  57  4:27  Marine  
  57  4:30  SCV  
  60  4:32  Starport Tech Lab  
  60  4:36  SCV  
  60  4:37  Supply Depot  
  61  4:42  Marine, Refinery  
  61  4:43  SCV  
  61  4:45  Marine x2  
  65  4:48  SCV  
  64  4:55  SCV  
  65  5:00  Marine, SCV  
  65  5:01  Supply Depot  
  65  5:02  Factory Reactor  
  65  5:04  Marine  
  64  5:07  SCV  
  64  5:08  Starport Reactor  
  64  5:11  Stimpack, Marauder  
  64  5:13  SCV, Barracks Tech Lab  
  68  5:17  Marine  
  69  5:22  Marine  
  69  5:25  Command Center  
  69  5:26  Engineering Bay  
  70  5:31  Combat Shield, Supply Depot  
  70  5:33  Marauder  
  72  5:35  Marine  
  72  5:38  Marauder  
  72  5:41  Widow Mine x2  
  79  5:43  Medivac  
  79  5:46  Medivac  
  79  5:49  Supply Depot  
  83  5:50  Marine  
  83  5:53  Marine  
  83  5:54  Marauder  
  83  5:55  SCV  
  83  5:57  SCV  
  89  6:01  Terran Infantry Weapons Level 1  
  89  6:03  Marauder  
  91  6:07  Widow Mine  
  91  6:10  Widow Mine  
  91  6:11  SCV, Supply Depot  
  96  6:13  Marine x2  
  98  6:19  Medivac  
  102  6:28  Marauder  
  102  6:29  Barracks  
  100  6:34  SCV x2, Barracks  
  100  6:37  Marine x2  
  99  6:42  Orbital Command  
  99  6:46  Medivac  
  98  6:48  Widow Mine x2, SCV  
  98  6:50  Concussive Shells  
  98  6:52  Marauder x2  
  107  6:54  SCV  
  107  6:57  Medivac  
  107  7:00  Supply Depot, Marine  
  111  7:01  Orbital Command  
  111  7:02  Marine  
  112  7:10  Supply Depot  
  110  7:16  Widow Mine x2  
  110  7:18  Marauder  
  110  7:19  Marauder  
  110  7:21  Barracks Reactor  
  115  7:23  Marine x2  
  115  7:24  SCV  
  115  7:27  Barracks Tech Lab  
  115  7:29  Viking  
  117  7:31  Viking  
  117  7:33  SCV  
  117  7:35  SCV  
  117  7:36  SCV  
  122  7:42  Starport  
  122  7:45  SCV  
  123  7:51  Marine  
  123  7:53  SCV, Marauder  
  123  7:55  Terran Infantry Armor Level 1, Marauder  
  123  7:57  SCV  
  117  7:58  SCV  
  117  8:00  Marauder, Marine  
  117  8:01  Marine  
  117  8:04  Viking  
  117  8:05  SCV  
  114  8:07  Viking  
  114  8:09  SCV  
  114  8:10  SCV  
  114  8:11  Marine x2  
  120  8:15  Marauder  
  120  8:18  Marauder  
  120  8:19  Marine  
  124  8:21  Marauder  
  124  8:22  Viking  
  124  8:24  Viking  
  130  8:28  Supply Depot  
  130  8:33  Marine x2  
  129  8:34  Viking  
  129  8:40  Marine  
  124  8:42  Marauder  
  124  8:48  SCV x3  
  117  8:50  Marine  
  117  8:51  Marauder  
  117  8:52  Marauder  
  110  8:57  Marine  
  110  8:59  Marine  
  110  9:00  SCV x2  
  110  9:01  Medivac  
  110  9:02  Marine  
  109  9:04  Marauder, SCV  
  113  9:13  Marauder  
  113  9:14  Command Center  
  113  9:16  Marine x2  
  117  9:19  Marauder  
  119  9:25  Marine x2  
  119  9:26  Marauder, Missile Turret  
  123  9:32  Liberator  
  123  9:34  Marauder  
  123  9:35  Supply Depot  
  124  9:39  Liberator  
  124  9:40  Marine x2, Marauder  
  124  9:44  Marine x2  
  129  9:46  Viking  
  129  9:47  Marauder  
  129  9:50  Medivac  
  134  9:53  Supply Depot  
  134  9:55  Armory  
  134  9:57  Engineering Bay  
  134  10:00  Marine x2  
  134  10:02  Marine x2  
  134  10:05  Marauder  
  138  10:07  Marauder  
  138  10:09  SCV x2  
  138  10:11  SCV  
  138  10:13  Marine  
  139  10:18  Medivac  
  139  10:21  SCV x2  
  141  10:24  Marine x2  
  141  10:25  Marine x2  
  141  10:26  Marauder  
  149  10:32  Viking  
  148  10:35  SCV  
  148  10:38  Viking x2  
  148  10:41  Marauder  
  155  10:43  Marauder, SCV  
  155  10:47  SCV  
  155  10:48  Terran Infantry Weapons Level 2  
  156  10:52  SCV  
  156  10:55  SCV  
  158  10:59  Terran Infantry Armor Level 2  
  158  11:00  Marine x3  
  158  11:01  Marine  
  158  11:04  Supply Depot  
  162  11:05  SCV  
  162  11:10  Marauder  
  162  11:11  SCV  
  165  11:12  SCV  
  165  11:14  Planetary Fortress  
  163  11:19  Marauder  
  163  11:20  Marauder  
  163  11:21  Marine x2  
  163  11:22  Marine  
  163  11:23  Marine  
  171  11:26  Terran Ship Weapons Level 1  
  171  11:31  Marauder  
  173  11:35  Refinery x2, SCV x2  
  173  11:36  SCV  
  176  11:41  Marine x2  
  176  11:45  Marine x2  
  182  11:47  SCV, Marauder x2  
  182  11:48  SCV x2  
  187  11:56  Command Center  
  187  11:59  SCV  
  187  12:00  Viking  
  187  12:02  Missile Turret  
  187  12:08  Supply Depot  
  187  12:13  Ghost Academy  
  187  12:17  Missile Turret  
  187  12:20  Supply Depot, Marine  
  188  12:30  Marine x3, Viking, Marauder  
  188  12:35  Supply Depot  
  195  12:38  SCV  
  195  12:40  Sensor Tower  
  195  12:41  Viking x2  
  195  12:44  Missile Turret  
  200  12:53  SCV  
  200  12:54  Missile Turret  
  200  12:59  Ghost  
  200  13:02  Ghost  
  198  13:07  Ghost  
  198  13:09  Terran Infantry Weapons Level 3  
  198  13:10  Barracks x3  
  200  13:15  Terran Infantry Armor Level 3  
  199  13:21  Orbital Command  
  199  13:25  Command Center  
  197  13:38  Medivac  
  195  13:43  Medivac, Ghost  
  195  13:44  Marauder  
  195  13:46  Marine  
  180  13:49  Ghost  
  164  13:58  Medivac x2  
  164  13:59  Marine  
  164  14:02  Marine x2  
  161  14:04  SCV  
  161  14:05  Ghost  
  161  14:08  Medivac, SCV, Sensor Tower  
  167  14:10  Marine  
  167  14:12  Barracks Tech Lab x2, Barracks Reactor  
  167  14:13  Marauder  
  167  14:16  Medivac  
  172  14:19  Marauder, Marine  
  175  14:26  Marine  
  175  14:30  Marine x2  
  174  14:32  Marauder  
  174  14:33  Marauder  
  174  14:34  Marauder x2  
  174  14:37  Marine  
  183  14:40  Marauder  
  171  14:45  Medivac  
  171  14:46  Marine  
  171  14:48  Marine  
  171  14:49  Marine x3  
  164  14:54  Marauder x2  
  164  14:56  Marauder x2  
  164  14:59  Marine  
  167  15:01  Marauder  
  167  15:04  Marine  
  170  15:07  Viking  
  170  15:08  Viking x2  
  176  15:15  Marauder  
  176  15:16  Marauder  
  176  15:17  Marauder x2, Marine  
  181  15:23  Marauder  
  183  15:32  Marine  
  181  15:36  Marauder  
  181  15:37  Marauder  
  181  15:38  Marine, Marauder x2  
  190  15:43  Marine x3, Fusion Core, Ghost  
  192  15:57  Ghost  
  192  15:58  Marauder  
  192  15:59  Viking  
  192  16:00  Marauder  
  200  16:12  Ghost  
  200  16:15  Marauder  
  184  16:20  Marauder  
  184  16:21  Marauder  
  172  16:26  Ghost  
  172  16:27  Marine  
  172  16:30  Marine  
  172  16:33  SCV  
  172  16:36  Marauder  
  172  16:38  Marine x3  
  172  16:39  Marine  
  170  16:40  Ghost  
  170  16:41  SCV  
  170  16:45  SCV  
  170  16:49  Marauder x2  
  172  16:55  Marine x2  
  172  16:57  Marauder  
  172  16:58  Marauder  
  177  17:01  Planetary Fortress  
  177  17:03  Marine x2  
  177  17:05  Marine x2  
  179  17:09  Ghost  
  179  17:10  Marauder x2  
  179  17:12  Missile Turret  
  179  17:13  Marine x2  
  187  17:17  Marine  
  187  17:19  Ghost  
  187  17:22  Marine x2  
  189  17:23  Marine  
  189  17:30  Marine  
  189  17:32  Marauder x2  
  189  17:36  Marine, Marauder  
  194  17:38  Marauder  
  194  17:42  Marine x2  
  197  17:46  Sensor Tower  
  197  17:49  Marauder  
  199  17:52  Marine  
  200  17:58  Command Center  
  200  18:04  Liberator  
  200  18:05  Terran Ship Weapons Level 2  
  200  18:15  Command Center  
  196  18:29  Viking x2  
  200  18:36  Starport  
  198  18:44  Viking  
  198  18:52  Viking  
  188  18:59  Viking  
  189  19:05  Marauder  
  189  19:07  Marine  
  192  19:11  Caduceus Reactor, Marauder  
  192  19:12  Marauder  
  194  19:21  Ghost  
  196  19:30  Medivac  
  198  19:33  Marauder  
  198  19:34  Marine  
  198  19:37  Marauder  
  200  19:50  Medivac, Marine  
  200  19:51  Marauder  
  200  19:52  Medivac  
  199  19:54  Marauder  
  199  19:57  Marauder  
  199  19:59  Marauder  
  192  20:01  Marine  
  192  20:03  Marauder, Marine x2  
  195  20:07  Marine  
  195  20:12  Marine  
  197  20:21  Terran Vehicle And Ship Armor Level 1  
  197  20:23  Marauder  
  197  20:25  Viking  
  197  20:26  Marauder  
  169  20:30  Marine x5  
  169  20:31  Marauder  
  169  20:34  Refinery x2, Orbital Command  
  177  20:35  Refinery, Marine  
  177  20:36  Marauder, Refinery  
  177  20:42  Marine  
  178  20:45  Marauder  
  178  20:47  Marine  
  178  20:48  Marauder  
  184  20:53  Marine, Marauder  
  184  20:54  Marine x2  
  190  20:57  Marauder  
  190  21:03  Marauder  
  165  21:06  Marauder  
  165  21:07  Marine x3  
  165  21:09  Marauder  
  147  21:15  Marauder  
  147  21:16  Marine  
  139  21:18  Marauder  
  139  21:24  Marine  
  139  21:25  Marauder  
  126  21:28  Marauder  
  126  21:30  Marauder  
  126  21:32  Marine  
  121  21:36  Marauder  
  121  21:37  Marine x2  
  121  21:38  Marine  
  121  21:39  Viking, Command Center  
  121  21:40  Marauder  
  121  21:43  Marine  
  121  21:45  Marine  
  121  21:46  Marauder  
  124  21:48  Viking  
  124  21:49  Marauder  
  124  21:50  Viking  
  124  21:52  Marauder  
  124  21:53  Marine  
  133  21:55  Marine  
  133  21:57  Marauder  
  133  21:58  Marine x2  
  133  22:00  Viking  
  142  22:01  Marauder  
  142  22:07  Viking, Marauder  
  146  22:08  Marine, Command Center  
  146  22:09  Viking  
  146  22:10  Command Center, Marauder  
  146  22:11  Marine x2  
  146  22:13  Marauder, Marine  
  156  22:17  Marine  
  156  22:19  Marauder  
  161  22:22  Marauder  
  161  22:23  Viking  
  161  22:27  Viking  
  161  22:29  Marauder  
  166  22:32  Marauder  
  166  22:35  Marauder  
  166  22:36  Marine x2  
  148  22:37  Viking  
  148  22:38  Viking  
  148  22:39  Marine x3  
  148  22:40  Marauder  
  143  22:44  Marauder, Viking, Marine  
  143  22:50  Marauder  
  148  22:52  Marine  
  148  22:54  Marine x2  
  148  22:56  Marauder, Medivac  
  148  22:57  Marine  
  156  22:59  Orbital Command  
  156  23:02  Marauder  
  156  23:05  Marauder  
  158  23:10  Marine  
  158  23:11  Marauder x2  
  163  23:14  Medivac  
  163  23:16  Ghost  
  167  23:24  Medivac  
  167  23:25  Marine x3  
  167  23:26  Marauder  
  167  23:27  Marine  
  175  23:39  Ghost  
  179  23:41  Marauder  
  179  23:42  Marauder  
  175  23:49  Marauder  
  175  23:50  Marine x3  
  175  23:52  Marauder  
  173  23:57  Medivac  
  173  24:01  Orbital Command  
  175  24:07  Medivac  
  175  24:08  Medivac  
  179  24:12  Orbital Command x2  
  179  24:14  Medivac  
  180  24:17  Marine  
  180  24:19  Marine  
  180  24:23  Marine  
  182  24:28  Marauder  
  184  24:32  Marine  
  184  24:34  Marauder, Ghost, Orbital Command  
  189  24:42  Medivac  
  189  24:44  Ghost  
  189  24:50  Ghost  
  189  24:52  Ghost  
  189  24:57  Marauder  
  189  25:08  Ghost  
  189  25:13  Planetary Fortress  
  189  25:20  SCV  
  190  25:27  Missile Turret  
  190  25:28  Ghost  
  181  25:32  Marauder  
  181  25:34  Marauder  
  181  25:35  Marine, Marauder  
  151  25:36  Medivac  
  151  25:37  Medivac  
  151  25:41  Marine  
  157  25:45  SCV  
  157  25:47  SCV  
  152  26:08  SCV  
  152  26:10  SCV  
  152  26:11  SCV  
  152  26:13  Orbital Command  
  152  26:16  Medivac  
  150  26:22  Marine  
  151  26:30  Marauder  
  151  26:42  Marine  
  152  26:48  SCV  
  152  26:50  SCV  
  143  27:03  Marauder  
  143  27:07  Marauder  
  143  27:19  Missile Turret  
  142  27:28  Liberator  
  145  27:36  Liberator  
  148  27:41  Marauder  
  150  27:44  Marine  
  150  27:45  Marauder  
  150  27:47  Marauder  
  150  27:48  SCV  
  154  27:51  Marauder  
  156  27:59  SCV, Orbital Command  
  156  28:01  SCV  
  156  28:02  Viking  
  156  28:03  Viking  
  162  28:06  Marine  
  162  28:11  Orbital Command  
  162  28:12  Marine  
  163  28:13  Marine  
  165  28:21  Marauder  
  165  28:23  Marine x2  
  165  28:24  Marine  
  170  28:29  Marine  
  170  28:32  Marauder  
  173  28:38  Missile Turret  
  170  28:45  Marauder  
  170  28:48  Marine  
  175  28:51  Marine  
  175  28:54  Marauder x2  
  178  28:58  Marauder x2  
  178  29:00  Marine x2  
  178  29:01  Marine  
  185  29:06  Marauder  
  185  29:07  Marine  
  185  29:08  Marine  
  189  29:10  Marine  
  189  29:16  Marauder x2  
  191  29:19  Marauder x2  
  191  29:21  Liberator  
  198  29:28  Marauder  
  198  29:30  Command Center  
  196  30:02  Viking x2  
  199  30:32  Orbital Command  
  197  30:40  Viking x2  
  198  30:51  Marauder, Marine  
  198  30:53  Ghost  
  198  30:56  Marine  
  199  31:01  Viking  
  199  31:04  Marauder  
  198  31:07  Marauder  
  199  31:12  Marine  
  199  31:15  Orbital Command, Planetary Fortress  
  200  31:20  Orbital Command  
  200  31:31  Command Center  
  200  31:42  Orbital Command  
  200  32:00  Terran Vehicle And Ship Armor Level 2  
  199  32:27  Personal Cloaking  
  199  32:46  Marine  
  200  33:10  Ghost  
  200  33:14  Ghost  
  200  33:16  Ghost  
  200  33:31  Ghost x2  
  200  33:34  Liberator x2, Advanced Ballistics  
  186  33:35  Liberator x2  
  186  33:39  Ghost  
  200  33:54  Ghost  
  199  34:09  Ghost  
  199  34:11  Refinery  
  199  34:13  Refinery  
  199  34:17  Sensor Tower, Missile Turret  
  199  34:18  Orbital Command  
  199  34:20  Refinery  
  199  34:21  Refinery  
  195  34:32  Viking  
  196  34:47  Liberator  
  195  35:01  Marauder  
  197  35:10  Medivac  
  197  35:13  Marine  
  199  35:14  Marine  
Tags
 
Add a new tag
Caveats
  • Supply blocks, unpowered buildings, or Contaminate may cause inaccurate times.
  • Supply counts are checked every 10 seconds.